[Event "Czech Open-Rapid 2022"]
[Site "Pardubice"]
[Date "2022.07.21"]
[Round "5.28"]
[White "Silar, Lubomir"]
[Black "Chubar, Vladimir"]
[Result "1-0"]
[ECO "A40"]
[WhiteElo "1993"]
[BlackElo "1809"]
[Annotator "TA"]
[PlyCount "139"]
[EventDate "2022.07.20"]
[EventType "swiss"]
[EventCountry "CZE"]
[SourceTitle "playchess.com"]
[Source "ChessBase"]
[SourceQuality "1"]
[TimeControl "1200+10"]

1. d4 e6 2. Nf3 Nf6 3. g3 c5 4. c3 d5 5. Bg2 Nc6 6. O-O Ne4 {[%emt 0:00:31] D02: 1 d4 d5 2 Nf3 sidelines, including 2...Nf6 3 g3 and 2...Nf6 3 Bf4.} 7. Nbd2 f5 8. dxc5 Bxc5 {[%emt 0:00:24] [#] The position is equal.} 9. Nb3 $146 ({Predecessor:} 9. Nxe4 fxe4 10. Nd4 O-O 11. Bf4 Qe7 12. f3 e5 13. fxe4 exd4 14. cxd4 Bxd4+ 15. Kh1 dxe4 16. e3 Bb6 {0-1 (16) Angelov,A-Hristov,K (1890) Sofia 2011}) 9... Bb6 10. a4 O-O 11. Nbd4 Qe7 12. Bf4 g5 ({Better is} 12... Na5 $15) 13. Nxc6 $11 bxc6 14. Be5 c5 15. a5 Bc7 16. Bxc7 Qxc7 17. Nd2 Ba6 {[%emt 0:00:35] Against c4} 18. Nxe4 dxe4 19. Qd2 h6 20. Qe3 Rab8 21. Rfb1 Kg7 22. b4 Rfc8 23. f3 Qe5 24. fxe4 cxb4 $2 (24... f4 $11 25. gxf4 gxf4) 25. Qxa7+ $18 Bb7 (25... Kf8 $142 26. Qxa6 bxc3) 26. cxb4 $2 (26. a6) 26... Kf6 27. Rd1 {[%emt 0:00:41] Hoping for a6.} Bxe4 28. Bxe4 {[%emt 0:00:11] The board is on fire.} Qxe4 29. Qd4+ Qxd4+ 30. Rxd4 {[%emt 0:00:01][%mdl 4096] Endgame KRR-KRR} Ke5 31. Rad1 (31. e3 $18 {has better winning chances.}) 31... Rc2 $16 32. Kf2 Rb2 33. a6 (33. Rc4 $1 $16) 33... R8xb4 $2 (33... Ra2 $11) 34. Rxb4 (34. a7 $142 Rxd4 35. a8=Q $1 (35. Rxd4 Ra2 $11) 35... Rxd1 36. Qh8+ Kd6 37. Qxb2) 34... Rxb4 $11 {[%emt 0:00:01] KR-KR} 35. Ra1 {[%emt 0:00:01] Prevents Ra4.} Rb8 36. a7 Ra8 37. Ke3 f4+ $2 (37... Kd5 38. Kf3 Kc6) 38. gxf4+ $18 gxf4+ 39. Kf3 Kf5 40. Ra5+ e5 41. e4+ Kf6 42. Ra6+ Kg7 43. Kg4 Kf8 44. Kf5 f3 45. Ra2 {[%emt 0:00:01] And now Kg4 would win.} (45. Kxe5 f2 46. Rf6+ (46. Rxh6 $2 Kg7 $19) 46... Ke7 $16) 45... Ke7 46. Kxe5 $2 ({Not} 46. Ra1 Kd6 $16) (46. h4 $1 $18) 46... f2 $16 47. Rxf2 {[%emt 0:00:04] Threatening mate with Ra2.} Rxa7 48. Kf5 (48. Rf5 $16) 48... Ra3 (48... Ra5+ $11 49. e5 Ra1) 49. e5 (49. h4 $16) 49... Rh3 $11 50. Kg4 Re3 51. Kf5 Rh3 52. Ra2 Rh5+ 53. Ke4 Ke6 54. Ra6+ Ke7 55. Kd5 Rxh2 56. Ra7+ Kd8 (56... Kf8 $11 {remains equal.}) 57. Kd6 $16 Rd2+ {[%emt 0:00:06] [#]} 58. Ke6 $1 {[%emt 0:00:02] White wants to mate with Ra8+.} Rb2 $2 {[%emt 0:00:36][%mdl 8192] [#]} (58... Re2 $16 59. Rd7+ Ke8) 59. Ra8+ $1 Kc7 60. Rh8 $2 (60. Kf6 {mates} h5 61. Rh8 h4 62. Rxh4 Rd2 63. Rh8 Rg2 64. e6 Rf2+ 65. Ke7) 60... Kc6 $2 (60... Re2 $16 61. Rh7+ (61. Rxh6 Re1 $16) 61... Kc6 62. Rxh6 Kc7 63. Rh7+ Kd8 64. Rd7+ Ke8) 61. Rxh6 {[%emt 0:00:11] White mates.} Kc5 62. Rh8 Rb6+ 63. Kf5 Rb1 64. Rd8 Kc6 65. Rd2 Re1 66. Kf6 Kc7 67. e6 Rh1 68. e7 Rh6+ 69. Kg7 Re6 70. Kf7 {[%emt 0:00:02] Weighted Error Value: White=0.68/Black=0.81} 1-0

[Event "Czech Open-Rapid 2022"]
[Site "Pardubice"]
[Date "2022.07.21"]
[Round "5.29"]
[White "Maklakova, Naomi"]
[Black "Schatz, Christian"]
[Result "0-1"]
[ECO "A48"]
[WhiteElo "1548"]
[BlackElo "2137"]
[Annotator "NA RC"]
[PlyCount "74"]
[EventDate "2022.07.20"]
[EventType "swiss"]
[EventCountry "CZE"]
[SourceTitle "playchess.com"]
[Source "ChessBase"]
[SourceQuality "1"]
[TimeControl "1200+10"]

1. d4 Nf6 2. Nf3 g6 3. c3 Bg7 4. Bg5 O-O 5. Nbd2 h6 6. Bh4 d5 7. e3 b6 8. Bd3 Bb7 9. O-O c5 10. Rc1 Nc6 11. Re1 Re8 12. Bg3 Nd7 13. Bb1 e5 14. dxe5 Ndxe5 15. Nxe5 Nxe5 16. e4 Qd7 17. exd5 Bxd5 18. Ne4 Rad8 19. Qc2 f5 20. Nd2 Nf7 21. Nf1 Qc6 22. f3 Qf6 23. Rcd1 Bc6 24. Bf2 Ne5 25. a3 Qg5 26. h4 Nxf3+ 27. Kh1 Nxh4 28. Bxh4 Qxh4+ 29. Kg1 Rxe1 30. Ba2+ Kh7 31. Rxd8 Qxd8 32. Qb3 Re8 33. Qf7 Re7 34. Qc4 Rd7 35. Qe6 Bd5 36. Bxd5 Rxd5 37. Ne3 Re5 0-1

[Event "Czech Open-Rapid 2022"]
[Site "Pardubice"]
[Date "2022.07.21"]
[Round "5.30"]
[White "Ptacek, Lubos"]
[Black "Kuznecova, Marija"]
[Result "1-0"]
[ECO "B92"]
[WhiteElo "2049"]
[BlackElo "1755"]
[Annotator "NA RC"]
[PlyCount "109"]
[EventDate "2022.07.20"]
[EventType "swiss"]
[EventCountry "CZE"]
[SourceTitle "playchess.com"]
[Source "ChessBase"]
[SourceQuality "1"]
[TimeControl "1200+10"]

1. e4 c5 2. Nf3 d6 3. d4 cxd4 4. Nxd4 Nf6 5. Nc3 a6 6. Be2 e5 7. Nb3 Be6 8. Be3 Be7 9. O-O O-O 10. h3 Nbd7 11. Qd2 b5 12. Bd3 Nb6 13. Bxb6 Qxb6 14. Rad1 h6 15. Rfe1 Nd7 16. Nd5 Bxd5 17. exd5 Bg5 18. Qa5 Qxa5 19. Nxa5 Nc5 20. Nc6 f5 21. Be2 g6 22. c4 bxc4 23. Bxc4 Kg7 24. b4 Nd7 25. Rd3 Nb8 26. Red1 Rc8 27. a4 Nd7 28. g3 e4 29. Ra3 Bf6 30. Ra2 Kf8 31. Rb1 Nb6 32. Bb3 Nd7 33. Kg2 Ne5 34. Rd1 Nf3 35. Rc2 Rc7 36. Bc4 Ne5 37. Be2 h5 38. Rb1 Kg7 39. b5 axb5 40. axb5 Rb7 41. Nd4 Kf7 42. Rbc1 Rab8 43. Rc7+ Ke8 44. Rxb7 Rxb7 45. Rc8+ Kd7 46. Rg8 Nd3 47. Ne6 Rxb5 48. Nf8+ Kc7 49. Rxg6 Be7 50. Ne6+ Kd7 51. Bxh5 Rb2 52. Rg8 Rxf2+ 53. Kg1 e3 54. Be8+ Kc8 55. Bc6+ 1-0

[Event "Czech Open-Rapid 2022"]
[Site "Pardubice"]
[Date "2022.07.21"]
[Round "5.31"]
[White "Juchelka, Marek"]
[Black "Ibrahim, Emad Eldin"]
[Result "0-1"]
[ECO "B27"]
[WhiteElo "1803"]
[BlackElo "2028"]
[Annotator "TA"]
[PlyCount "130"]
[EventDate "2022.07.20"]
[EventType "swiss"]
[EventCountry "CZE"]
[SourceTitle "playchess.com"]
[Source "ChessBase"]
[SourceQuality "1"]
[TimeControl "1200+10"]

1. e4 c5 2. Nf3 g6 3. c3 Bg7 4. d4 cxd4 5. cxd4 d5 6. e5 Bg4 7. Be2 Nc6 8. Nc3 Nh6 {[%emt 0:00:32] was the old line (8...e6).} 9. h3 Bxf3 10. Bxf3 (10. gxf3 Nf5 11. Be3 e6 $17) 10... Nf5 {[%emt 0:00:14] B27: Sicilian: 2 Nf3, unusual Black 2nd moves.} 11. Bxd5 Nfxd4 12. f4 Qb6 {[%emt 0:01:11] The position is equal.} 13. Bxc6+ {[%emt 0:00:54] [#]} bxc6 $146 ({Predecessor:} 13... Nxc6 14. Qb3 Qxb3 15. axb3 O-O 16. Be3 Rfd8 17. O-O Rd3 18. Bf2 Bh6 19. g3 Rad8 {0-1 (57) Pluta,P (1674)-Slusnys,E (1888) Panevezys 2016}) 14. Na4 Qb4+ 15. Bd2 Qb5 16. Rb1 (16. Bc3 Ne6 17. Bd2 Rd8 $19) (16. Nc3 $15 Qxb2 17. Rb1) 16... Rd8 $17 {[%emt 0:00:33] Hoping for ...Qd3.} ({And not} 16... Qd3 17. Nc5 Qg3+ 18. Kf1 $11) 17. Nc3 Qd3 18. Rc1 {[%emt 0:00:20] Inhibits Nc2+.} (18. Bc1 $17 {was worth a try.} Qg3+ 19. Kf1) 18... O-O 19. Ne2 Nxe2 {[%emt 0:00:22] 0x0.0019ec59c85cdp-1022s more active pieces.} (19... Qe4 $17 20. Kf2 f6 21. Nxd4 Rxd4) 20. Qxe2 $11 Qg3+ 21. Kf1 Rd3 22. h4 {[%emt 0:00:53] [#] And now Rh3 would win.} ({Reject} 22. Rxc6 Rfd8 23. Qe1 {[#]} Rf3+ $1 24. Kg1 Qxe1+ 25. Bxe1 Rxf4 $17) 22... Rd4 23. Rc3 ({White should try} 23. Kg1 $11 Qd3 24. Qxd3 Rxd3 25. Bc3) 23... Rxf4+ $15 24. Bxf4 Qxf4+ 25. Kg1 Bxe5 26. g3 Qd4+ 27. Re3 {[%emt 0:00:38] White does not recover from this.} ({White should play} 27. Kg2 $15) 27... Bxg3 {[%emt 0:00:24] aiming for ...Bf4.} 28. Kg2 Bd6 29. h5 (29. Re4 $17 Qd5 30. Qc4) 29... Rb8 $19 30. b3 (30. Rd1 Qf4 31. Rb3) 30... Rb5 {[%emt 0:01:00] White must now prevent ...Rg5+.} 31. Rhh3 Rg5+ 32. Kh1 Qd5+ (32... Bf4 $142 33. hxg6 Rxg6) 33. Qf3 Qd2 {[%emt 0:00:08] ( -> ...Qc1+)} 34. Qe2 Qc1+ 35. Qe1 Qc2 36. Qe2 {[%emt 0:00:01] Inhibits Qg2+.} Qb1+ 37. Qe1 Qxa2 38. Re2 {[%emt 0:00:08] Inhibits Qg2+.} Qa6 {[%emt 0:00:28] ...Qb5 is the strong threat.} 39. hxg6 hxg6 {[%emt 0:00:30] Threatens to win with ...Qb5.} ({But not} 39... Rxg6 $2 40. Rd2 $19) 40. Rg2 Rxg2 41. Kxg2 {[%emt 0:00:02][%mdl 4096] Endgame KQR-KQB} Qa2+ 42. Qf2 $2 (42. Kf1) 42... Qxf2+ 43. Kxf2 {[%emt 0:00:01] KR-KB} f5 44. Kf3 Kg7 45. Rh1 Kf6 46. Ra1 Bc5 47. Ra6 $2 (47. Rc1 Bd6 48. Ke2) 47... Bb6 48. Ra2 g5 49. Rc2 g4+ 50. Kg3 c5 {[%emt 0:00:02][%cal Bc6c5,Bc5c4][%mdl 32] Strongly threatening ...Kg5.} 51. Rd2 Kg5 52. Rd7 f4+ 53. Kf2 c4+ {[%emt 0:00:15] Black mates.} 54. Kg2 cxb3 55. Rd5+ Kf6 56. Rb5 e5 57. Rxb3 Kf5 58. Rb5 f3+ 59. Kg3 f2 60. Kg2 Kf4 61. Rd5 e4 62. Rd7 Ke3 63. Re7 g3 64. Re6 Kd3 65. Rd6+ Bd4 {[%emt 0:00:24] Weighted Error Value: White=0.75/Black=0.28 (precise)} 0-1

[Event "Czech Open-Rapid 2022"]
[Site "Pardubice"]
[Date "2022.07.21"]
[Round "5.32"]
[White "Maul, Maik"]
[Black "Sosnik, Sebastian"]
[Result "1-0"]
[ECO "A45"]
[WhiteElo "1568"]
[BlackElo "2255"]
[Annotator "TA"]
[PlyCount "109"]
[EventDate "2022.07.20"]
[EventType "swiss"]
[EventCountry "CZE"]
[SourceTitle "playchess.com"]
[Source "ChessBase"]
[SourceQuality "1"]
[TimeControl "1200+10"]

1. d4 Nf6 2. Nc3 c5 3. d5 d6 4. e4 g6 5. Bf4 Bg7 6. Qd2 {[%emt 0:00:02] A43: Schmid Benoni.} O-O 7. Bh6 a6 8. h4 {[%emt 0:00:26][%cal Bh2h4,Bh4h5][%mdl 32] White has an edge.} Bxh6 9. Qxh6 Ng4 10. Qd2 {[%emt 0:00:05] [#]} f5 $146 (10... Nd7 $14) ({Predecessor:} 10... h5 11. f3 Nf6 12. Qh6 Nbd7 13. Nh3 b5 14. Ng5 Re8 15. g4 Nf8 16. gxh5 Nxh5 {1-0 (29) Berghoefer,G (2379)-Kreutz,J (2248) ICCF email 2014}) 11. f3 Ne5 12. O-O-O b5 (12... Qe8 $16 {was called for.}) 13. h5 $1 $18 Rf6 14. Be2 (14. hxg6 $18 {Strongly threatening Qh6.} Rxg6 15. exf5 Bxf5 16. Nce2) 14... b4 $16 15. Nb1 (15. f4 $1 $16 ) 15... f4 16. Nh3 (16. hxg6 $16 Nxg6 17. Qe1) 16... Bxh3 $11 17. Rxh3 (17. hxg6 $1 $11 Bd7 18. gxh7+ Kh8 19. g3 fxg3 20. f4) 17... g5 $1 $36 {[%emt 0:01:16][%mdl 2048] Keeping White busy.} ({Don't do} 17... Nbd7 18. hxg6 Nxg6 19. Rdh1 $11) 18. g3 Qd7 19. Rdh1 h6 $1 20. gxf4 Rxf4 21. Rg3 Kh7 22. c3 Qa4 23. b3 Qa5 24. c4 (24. Kb2 $17) 24... Nbd7 (24... Qd8 $19 25. a3 bxa3 26. Nxa3 a5) 25. Qc2 (25. a4 $17) 25... Raf8 26. Nd2 Qa3+ (26... Qd8 $1 $19 27. Bf1 Kg7) 27. Kb1 (27. Kd1 $17) 27... a5 $1 $19 28. Nf1 a4 (28... Nxf3 $2 29. e5+ Kh8 30. Qg6 $18) 29. Ne3 $2 (29. Nd2 {was the only chance.}) 29... axb3 30. axb3 Ra8 (30... Nxf3 $19 {is more deadly. aiming for ...Nd4.} 31. e5+ Kh8) 31. Qb2 $17 Qxb2+ (31... Rff8 $142 {And now ...Ra6 would win.} 32. Kc2 Ra7) 32. Kxb2 Nf6 (32... Ra7 $17) 33. Nf5 $2 (33. Ng2 $15 Nxe4 34. fxe4) 33... Ra7 34. Ne3 {[%emt 0:01:08] [#]} Rh4 $2 (34... g4 $1 $17 35. Nxg4 Nfxg4 36. fxg4 Rf2) 35. Rxh4 $11 gxh4 36. Rh3 Nxh5 37. Rxh4 Ng3 38. Rh2 (38. Bd1 $1 $14 {was forced to keep a grip.}) 38... Nxe2 $17 39. Rxe2 Nxf3 {[%emt 0:00:02][%mdl 4096] Endgame KRN-KRN} (39... Nd3+ $17 40. Kc2 Nf4) 40. Rf2 (40. Nf5 $15) 40... Nd4 (40... Ne5 $142 {Hoping for ...Nd3+.} 41. Rf1 Kg6 42. Rg1+ Kf6 43. Rf1+ Kg5 44. Rf5+ Kg6) 41. e5 (41. Nf5 $17) 41... dxe5 42. Ng4 Ra3 $2 (42... e4 $19 {...h5 is the strong threat.} 43. Rf7+ Kg6) 43. Rf7+ $11 Kh8 44. Rxe7 Rxb3+ 45. Ka2 Ra3+ 46. Kb2 Rb3+ 47. Ka2 {[%emt 0:00:01] White threatens Nf6 and mate.} Ra3+ 48. Kb2 {[%emt 0:00:01] Intending Nf6 and mate.} Rb3+ 49. Ka2 {[%emt 0:00:04] Threatening mate with Nf6.} Rf3 {[%emt 0:00:02] Prevents Nf6.} ({Black should play} 49... e4 $11) 50. d6 $1 $14 {[%emt 0:00:07][%cal Bd5d6,Bd6d7][%mdl 1056] Threatens to win with d7. White has compensation.} b3+ $2 ({Black should try} 50... e4 $14) 51. Kb2 Rf4 (51... Rf8 $142 52. Nxe5 Rf2+ 53. Kc3 b2) 52. d7 $18 Nc6 {[%emt 0:00:02] [#]} 53. Re8+ $2 (53. Nxe5 $1 Rf2+ 54. Kxb3 Nxe7 55. d8=Q+ Ng8 56. Qc7) 53... Kg7 54. Nxe5 Kf6 $2 (54... Rd4 $18 55. Nxc6 Rxd7) 55. Nxc6 {[%emt 0:00:02] What a fight!  Weighted Error Value: White=0.62/Black=0.67} 1-0

[Event "Czech Open-Rapid 2022"]
[Site "Pardubice"]
[Date "2022.07.21"]
[Round "5.33"]
[White "Nespurek, Jakub"]
[Black "Krak, Tomas"]
[Result "0-1"]
[ECO "B22"]
[WhiteElo "1442"]
[BlackElo "2312"]
[Annotator "TA"]
[PlyCount "68"]
[EventDate "2022.07.20"]
[EventType "swiss"]
[EventCountry "CZE"]
[SourceTitle "playchess.com"]
[Source "ChessBase"]
[SourceQuality "1"]
[TimeControl "1200+10"]

1. e4 c5 2. c3 e6 3. d4 d5 4. exd5 exd5 5. Be3 c4 6. Nf3 Bd6 7. Be2 Ne7 8. O-O Nbc6 9. b3 cxb3 10. axb3 O-O 11. c4 {[%emt 0:01:25] [#]} Be6 $146 {[%emt 0:02:18] B22: Sicilian: 2 c3.} ({Predecessor:} 11... Bf5 12. Nc3 a6 13. Qd2 Rc8 14. c5 Bc7 15. Na2 Ng6 16. b4 Re8 17. g3 Qd7 18. Ne1 Bg4 19. Nc2 h5 20. Nc3 Bxe2 21. Qxe2 Qf5 22. Rfd1 Rcd8 23. Qd3 Qg4 24. Qe2 Qf5 25. Qd3 Qg4 26. Qe2 {½-½ (26) Murariu,A (2501)-Podinic,V (2428) Bucharest 2012}) 12. Nbd2 Nf5 13. cxd5 Bxd5 {[%emt 0:00:08] Black is slightly better.} 14. Bc4 Nb4 ({But not} 14... Nxe3 15. fxe3 Bb4 16. Qc2 $11) 15. Qb1 Qd7 16. Bxd5 Nxd5 17. Nc4 Bb4 ({Black should play} 17... f6 $15) 18. Nfe5 $2 (18. Nce5 $1 $11 Qc8 19. Rc1) 18... Qe6 $17 {[%emt 0:00:19] White must now prevent ...Bc3.} 19. Qd3 {[%emt 0:03:43] [#]} f6 ({Better is} 19... b5 $1 $19 {Hoping for ...f6.} 20. Bd2 bxc4 21. bxc4 Bxd2 22. cxd5 {[#]} Qxd5 $1 23. Qxf5 Bc3) 20. Nf3 $15 Rfe8 21. Bd2 Bxd2 22. Ncxd2 Nf4 $36 {[%emt 0:00:45][%mdl 2048] Black is on the roll.} 23. Qc4 Ne2+ 24. Kh1 Qxc4 {[%emt 0:00:11] 0x0.001988d59f09dp-1022s more active pieces.} 25. Nxc4 Nexd4 26. Nxd4 Nxd4 27. Nd6 Re7 28. Rfe1 $2 (28. Rfb1 $17) 28... Rd7 $2 (28... Rxe1+ $19 29. Rxe1 Nxb3) 29. Re8+ $2 (29. Rxa7 $17 Rad8 30. Nc4) 29... Rxe8 $19 {[%emt 0:00:06] Black is clearly winning.} 30. Nxe8 Kf7 31. Re1 Nxb3 32. h3 Nc5 33. Rc1 b6 34. Re1 Ne6 {[%emt 0:00:09] Weighted Error Value: White=0.75/Black=0.38} 0-1

[Event "Czech Open-Rapid 2022"]
[Site "Pardubice"]
[Date "2022.07.21"]
[Round "5.34"]
[White "Mlejnek, Stanislav"]
[Black "Dosedel, Jiri"]
[Result "0-1"]
[ECO "B07"]
[WhiteElo "1666"]
[BlackElo "2008"]
[Annotator "TA"]
[PlyCount "82"]
[EventDate "2022.07.20"]
[EventType "swiss"]
[EventCountry "CZE"]
[SourceTitle "playchess.com"]
[Source "ChessBase"]
[SourceQuality "1"]
[TimeControl "1200+10"]

1. e4 d6 2. d4 Nf6 3. Nc3 g6 4. Be3 c6 5. Qd2 b5 6. e5 {[%emt 0:00:38] B07: Pirc Defence: Miscellaneous Systems.} dxe5 7. dxe5 Qxd2+ 8. Bxd2 {[%emt 0:00:21] White is slightly better.} Ng4 {[%emt 0:00:21] [#]} (8... Nfd7 $14) 9. Nf3 $146 (9. f4 $1 $16) ({Predecessor:} 9. f4 h5 10. Nf3 Nd7 11. a4 b4 12. Ne4 a5 13. h3 Nh6 14. c3 e6 15. cxb4 axb4 {½-½ (23) Ulybin,M (2475)-Movsziszian,K (2502) Pontevedra 2016}) 9... Bg7 $1 $11 10. h3 (10. a4 $11) 10... Nxe5 $15 11. Nxe5 Bxe5 12. Bh6 {Black converts the advantage convincingly.} ({White should try} 12. g3 $15) 12... b4 (12... Be6 $17 13. Be2 Nd7) 13. Ne4 ({White should play} 13. Na4 $15) 13... Bf5 ({Worse is} 13... Bxb2 14. Rb1 Be5 15. Rxb4 $15) 14. Bd3 Bxb2 15. Rb1 Bxe4 16. Rxb2 (16. Bxe4 $17 {was called for.} Bc3+ 17. Ke2) 16... Bxd3 $19 17. cxd3 a5 18. O-O (18. Rc2 {might work better.}) 18... Kd7 19. f4 e6 20. d4 Na6 21. Rc2 Nc7 22. Rfc1 Ra6 23. Bg7 Rg8 24. Be5 Nd5 {[%emt 0:00:05] Hoping for ...f6.} 25. f5 gxf5 26. a3 b3 27. Rb2 a4 28. Kf2 Ra5 29. Kf3 Rc8 30. g4 fxg4+ 31. Kxg4 c5 32. dxc5 Raxc5 33. Rxc5 Rxc5 {[%emt 0:00:02][%mdl 4096] Endgame KRB-KRN} 34. Kf3 {[%emt 0:01:23] Inhibits Ne3.} Rc2 {[%emt 0:01:02] White must now prevent ...Rxb2.} 35. h4 f6 {[%emt 0:00:10] Black mates.} 36. Rxc2 bxc2 {[%emt 0:00:20] KB-KN} 37. Bb2 {[%emt 0:00:08] [#]} Nc3 $1 38. Ke3 (38. Bc1 Na2) 38... Na2 39. Kd2 c1=Q+ 40. Bxc1 Nxc1 41. Kxc1 f5 {[%emt 0:00:04] Weighted Error Value: White=0.59/Black=0.09 (flawless)} 0-1

[Event "Czech Open-Rapid 2022"]
[Site "Pardubice"]
[Date "2022.07.21"]
[Round "5.35"]
[White "Rakhmangulova, Iulia"]
[Black "Zdrazil, Tomas"]
[Result "1-0"]
[ECO "B23"]
[WhiteElo "1904"]
[BlackElo "2122"]
[Annotator "NA RC"]
[PlyCount "82"]
[EventDate "2022.07.20"]
[EventType "swiss"]
[EventCountry "CZE"]
[SourceTitle "playchess.com"]
[Source "ChessBase"]
[SourceQuality "1"]
[TimeControl "1200+10"]

1. e4 c5 2. Nc3 e6 3. g3 d5 4. exd5 exd5 5. d4 cxd4 6. Qxd4 Nf6 7. Bg2 Nc6 8. Qd1 d4 9. Nce2 Bc5 10. Nf3 O-O 11. O-O Bf5 12. a3 a5 13. Nf4 Qd7 14. Nd3 Bb6 15. Bg5 Ne4 16. Bf4 f6 17. Re1 Nc5 18. Nxc5 Bxc5 19. Nh4 Bg4 20. Qd2 Bb6 21. Re4 Be6 22. Rae1 Bd5 23. R4e2 Bxg2 24. Nxg2 g5 25. Bxg5 fxg5 26. Qxg5+ Qg7 27. Qb5 Bd8 28. Re4 Kh8 29. Nf4 Qf7 30. h4 Bc7 31. Qxb7 Bxf4 32. Qxc6 Rac8 33. Qb6 Bb8 34. Qxd4+ Qf6 35. Qd2 Ba7 36. Rf4 Qg7 37. Kg2 Rxf4 38. Qxf4 Rf8 39. Qe5 Rxf2+ 40. Kh3 Qxe5 41. Rxe5 Bb6 1-0

[Event "Czech Open-Rapid 2022"]
[Site "Pardubice"]
[Date "2022.07.21"]
[Round "5.36"]
[White "Ni, Polina"]
[Black "Jun, Rudolf"]
[Result "0-1"]
[ECO "B31"]
[WhiteElo "1871"]
[BlackElo "2134"]
[Annotator "NA RC"]
[PlyCount "104"]
[EventDate "2022.07.20"]
[EventType "swiss"]
[EventCountry "CZE"]
[SourceTitle "playchess.com"]
[Source "ChessBase"]
[SourceQuality "1"]
[TimeControl "1200+10"]

1. e4 c5 2. Nf3 Nc6 3. Bb5 g6 4. Bxc6 dxc6 5. e5 Bg7 6. O-O Bg4 7. Qe2 Bxf3 8. gxf3 e6 9. d3 Ne7 10. Bg5 h6 11. Bd2 Nf5 12. c3 Qd5 13. Bf4 Rd8 14. Rd1 g5 15. Bg3 h5 16. h3 Nxg3 17. fxg3 Bxe5 18. Kf2 h4 19. g4 Bc7 20. Na3 Qd6 21. Kf1 b5 22. d4 c4 23. Nc2 Qg3 24. Qg2 a5 25. Ne3 Qxg2+ 26. Kxg2 Bf4 27. Kf2 Rb8 28. Ke2 Kd7 29. b3 Rb7 30. bxc4 Bxe3 31. Kxe3 bxc4 32. Rd2 Rhb8 33. f4 Rb2 34. Rad1 a4 35. fxg5 a3 36. Ke4 Rxd2 37. Rxd2 Rb2 38. Rd1 Rxa2 39. Ke5 Ke7 40. Rf1 Re2+ 41. Kf4 a2 42. Ra1 Kf8 43. g6 f6 44. Kf3 Rc2 45. Kf4 Kg7 46. g5 f5 47. Ke5 Re2+ 48. Kd6 f4 49. Rf1 f3 50. Ke7 f2 51. Ke8 Kxg6 52. Ra1 Re1 0-1

[Event "Czech Open-Rapid 2022"]
[Site "Pardubice"]
[Date "2022.07.21"]
[Round "5.37"]
[White "Bares, Jachym"]
[Black "Lev, Lukas"]
[Result "1-0"]
[ECO "B07"]
[WhiteElo "2129"]
[BlackElo "1679"]
[Annotator "NA RC"]
[PlyCount "27"]
[EventDate "2022.07.20"]
[EventType "swiss"]
[EventCountry "CZE"]
[SourceTitle "playchess.com"]
[Source "ChessBase"]
[SourceQuality "1"]
[TimeControl "1200+10"]

1. e4 d6 2. d4 Nf6 3. Nc3 g6 4. Be3 Bg7 5. f3 O-O 6. Qd2 e5 7. Nge2 c6 8. O-O-O Qc7 9. h4 b5 10. Bh6 a5 11. Bxg7 Kxg7 12. h5 Bd7 13. Qg5 a4 14. h6+ 1-0

[Event "Czech Open-Rapid 2022"]
[Site "Pardubice"]
[Date "2022.07.21"]
[Round "5.38"]
[White "Brousek, Jan"]
[Black "Kotva, Milan"]
[Result "0-1"]
[ECO "C30"]
[WhiteElo "1538"]
[BlackElo "1833"]
[Annotator "NA RC COMBH"]
[PlyCount "40"]
[EventDate "2022.07.20"]
[EventType "swiss"]
[EventCountry "CZE"]
[SourceTitle "playchess.com"]
[Source "ChessBase"]
[SourceQuality "1"]
[TimeControl "1200+10"]

1. e4 e5 2. f4 Bc5 3. Nf3 d6 4. b4 Bb6 5. Bb2 Nc6 6. Bc4 Nf6 7. b5 Na5 8. Bb3 O-O 9. fxe5 dxe5 10. d3 Ng4 11. Qe2 a6 12. Nxe5 Nxe5 13. Bxe5 axb5 14. Nc3 Bd4 15. Bxd4 Qxd4 16. Kd2 c6 17. Rhf1 b4 18. Na4 b5 19. Rxf7 Nxb3+ 20. axb3 Rxf7 0-1

[Event "Czech Open-Rapid 2022"]
[Site "Pardubice"]
[Date "2022.07.21"]
[Round "5.39"]
[White "Baron, Patrik"]
[Black "Pacl, Vaclav"]
[Result "0-1"]
[ECO "B01"]
[WhiteElo "1800"]
[BlackElo "2036"]
[Annotator "TA"]
[PlyCount "76"]
[EventDate "2022.07.20"]
[EventType "swiss"]
[EventCountry "CZE"]
[SourceTitle "playchess.com"]
[Source "ChessBase"]
[SourceQuality "1"]
[TimeControl "1200+10"]

1. e4 d5 2. exd5 Qxd5 3. Nc3 Qa5 4. d4 Nf6 5. Nf3 Bf5 6. Bd2 e6 {[%emt 0:00:05] The modern move. B01: Scandinavian Defence.} 7. Ne4 Qb6 8. Nxf6+ gxf6 {[%emt 0:00:02] The position is equal.} 9. Bc3 Nc6 {[%emt 0:00:28] [#]} 10. g3 $146 (10. Bd3 $11) ({Predecessor:} 10. Bd3 Bg6 11. O-O O-O-O 12. d5 Rxd5 13. Bxf6 Rg8 14. Qe2 Bg7 15. Bxg7 Rxg7 16. b3 {1-0 (38) Arcos Tejeda,A-Wooten,M Tornelo INT 2021}) 10... O-O-O (10... Nb4 $142 11. Bd3 Nxd3+ 12. cxd3 Qb5) 11. Bg2 e5 12. d5 (12. O-O $142) 12... Nb4 $36 {[%emt 0:01:21][%mdl 2048] Black is in control.} 13. Bxb4 Qxb4+ ({Weaker is} 13... Bxb4+ 14. Nd2 $15) 14. c3 Qe4+ 15. Qe2 Qxe2+ ({Don't play} 15... Qxd5 $6 16. Nh4 Qd7 17. Nxf5 Qxf5 18. Qb5 $11) 16. Kxe2 Rxd5 17. Nd4 Bg4+ 18. f3 (18. Bf3 $17 {was called for.} Bxf3+ 19. Nxf3) 18... exd4 (18... Bd7 $19 19. Nb3 h5) 19. fxg4 d3+ 20. Kd1 $1 Rd6 21. Re1 c6 22. Re8+ Kd7 (22... Kc7 $5 ) 23. Re3 (23. Ra8 $11) 23... Bh6 24. Rf3 (24. Re4 $15) 24... Re8 {[%emt 0:00:36] [#] aiming for ...Re2.} 25. Bf1 {[%emt 0:00:19] Inhibits Re2.} d2 {[%emt 0:02:32] ( -> ...Re1+)} 26. Be2 Rde6 27. Rf2 Be3 (27... Re4 $142 28. a4 a5) 28. Rg2 Re5 29. Rb1 a5 {[%emt 0:00:29] Black is much more active. The white rooks are badly placed.} (29... Bh6 $17 30. b4 R8e6) 30. b3 (30. Bd3 $15) 30... Kc7 31. Rb2 (31. Bd3 $142) 31... Rc5 32. Rc2 b5 33. c4 (33. Bf3 $17) 33... b4 $19 34. h4 a4 35. Rh2 $2 {[%emt 0:00:50] [#]} (35. bxa4 Ra5 36. Bd3) 35... axb3 36. axb3 Ra5 {[%emt 0:00:31] Inhibits Ra2. Black mates.} 37. Rxd2 Ra1+ 38. Kc2 Ra2+ {[%emt 0:00:01] Weighted Error Value: White=0.60/Black=0.19 (very precise)} 0-1